 Dungeon Crawl Stone Soup version 0.29.1-debian-1-gc3f1650bb9 (webtiles) character file.

Game seed: 11882191385414497637

15 drugrobin the Sneak (level 2, -1/25 HPs)
             Began as a Demigod Delver on Sept 12, 2022.
             Slain by a scorpion (2 damage)
             ... in an ossuary.
             The game lasted 00:02:04 (479 turns).

drugrobin the Sneak (Demigod Delver)                 Turns: 479, Time: 00:02:04

Health: -1/25      AC:  3    Str: 13    XL:     2   Next: 21%
Magic:  4/4        EV: 12    Int: 12    God:
Gold:   0          SH:  0    Dex: 15    Spells: 1/1 levels left

rFire   . . .      SeeInvis .   a - +0 short sword
rCold   . . .      Faith    .   (no shield)
rNeg    . . .      Spirit   .   b - +0 leather armour
rPois   .          Reflect  .   (no helmet)
rElec   .          Harm     .   (no cloak)
rCorr   .          Rampage  .   (no gloves)
Will    .....                   (no boots)
Stlth   +++.......              (no amulet)
HPRegen 0.08/turn               (no ring)
MPRegen 0.09/turn               (no ring)

@: lethally poisoned (-1 -> -2), hasted, very quick
A: high MP 1, forlorn, divine attributes
a: no special abilities


You were in an ossuary.
You visited 1 branch of the dungeon, and saw 1 of its levels.
You also visited: Ossuary.

Inventory:

Hand Weapons
 a - a +0 short sword (weapon)
 h - a +0 flail
Armour
 b - a +0 leather armour (worn)
Wands
 g - a wand of digging (3)
Scrolls
 c - a scroll of fog
 d - a scroll of enchant weapon {unknown}
 e - a scroll of fear


   Skills:
 - Level 2.7 Fighting
 + Level 2.6 Short Blades
 - Level 1.8 Dodging
 - Level 4.5 Stealth


You had one spell level left.
You didn't know any spells.
Your spell library was empty.

Dungeon Overview and Level Annotations

Branches:
Dungeon (5/15)            Ossuary (1/1)
 Temple: D:4-7


Innate Abilities, Weirdness & Mutations

You have an increased reservoir of magic. (+10% MP)
You shall have no god before yourself.
Your divine heritage dramatically boosts your attributes as you level up.


Message History

You hit the scorpion.
The scorpion is lightly wounded.
You feel sick. The scorpion stings you.
You hit the scorpion but do no damage.
The scorpion is lightly wounded.
You feel sick. The adder zombie misses you. The scorpion barely misses you.
You hit the scorpion.
The scorpion is moderately wounded.
You feel sick. The adder zombie misses you.
You completely miss the scorpion.
The scorpion is moderately wounded.
The scorpion stings you.
* * * LOW HITPOINT WARNING * * *
The adder zombie misses you.
Unknown command.
Unknown command.
You hit the scorpion.
The scorpion is moderately wounded.
You feel sick. The scorpion misses you.
Unknown command.
Unknown command.
Unknown command.
You closely miss the scorpion.
The scorpion is moderately wounded.
The adder zombie closely misses you.
Unknown command.
Unknown command.
You barely miss the scorpion. Your punch misses the scorpion.
The scorpion is moderately wounded.
You feel sick. The scorpion stings you.
* * * LOW HITPOINT WARNING * * *
The adder zombie barely misses you.
Unknown command.
Unknown command.
Unknown command.
You closely miss the scorpion.
The scorpion is moderately wounded.
The hobgoblin zombie closely misses you.
The scorpion stings you.
You die...

#....8...###
#...8#8....##
#....8......#
#...........#
##..........#
##.........#
##........#
######'ZZ##
#.s@.∩#
#....∩#
#######


You could see a scorpion, an adder zombie and a hobgoblin zombie.

Vanquished Creatures
  2 adder zombies (Ossuary)
  An orc (D:5)
  3 gnoll zombies (Ossuary)
  3 goblin zombies (Ossuary)
  A hobgoblin zombie (Ossuary)
10 creatures vanquished.

Notes
Turn   | Place    | Note
-------+----------+-------------------------------------------
     0 | D:5      | drugrobin the Demigod Delver began the quest for the Orb.
     0 | D:5      | Reached XP level 1. HP: 18/18 MP: 3/3
   129 | D:5      | Found a sand-covered staircase.
   135 | Ossuary  | Entered an ossuary
   430 | Ossuary  | Reached XP level 2. HP: 22/25 MP: 4/4
   444 | Ossuary  | Noticed a scorpion
   478 | Ossuary  | HP: 1/25 [scorpion (5)]
   479 | Ossuary  | Slain by a scorpion

Illustrated notes

Levels and vault maps discovered:
D:5:      layout_basic, gammafunk_ghost_necromancy, enter_ossuary_5,
          uniq_blork_the_orc
Ossuary:  ossuary_hellmonk_silent_tomb

Skill      XL: |  1 |
---------------+----+-----
Short Blades   | 2 |  2.6
Fighting       | |  2.7
Dodging        | |  1.8
Stealth        | |  4.5

Action                   || total
-------------------------++-------
Melee: Short sword       ||    68
       Punch             ||     1
  Use: Scroll            ||     1
       Potion            ||     1
 Stab: Sleeping          ||     1
Armor: Leather armour    ||    11
Dodge: Dodged            ||    39
